 Dungeon Crawl Stone Soup version 0.29.1-15-g9cfb28693d (webtiles) character file.

Game seed: 14441880143614871022

171 leafyfresh the Sneak (level 5, -4/37 HPs)
             Began as an Octopode Delver on Mar 21, 2023.
             Slain by an iguana (13 damage)
             ... on level 5 of the Dungeon.
             The game lasted 00:01:25 (1019 turns).

leafyfresh the Sneak (Octopode Delver)              Turns: 1019, Time: 00:01:26

Health: -4/37      AC:  1    Str: 12    XL:     5   Next: 51%
Magic:  5/5        EV: 14    Int: 14    God:
Gold:   10         SH:  0    Dex: 13    Spells: 4/4 levels left

rFire   . . .      SeeInvis .   a - +0 short sword
rCold   . . .      Faith    .   (no shield)
rNeg    . . .      Spirit   .   (helmet restricted)
rPois   .          Reflect  .   (no amulet)
rElec   .          Harm     .   (no ring)
rCorr   .          Rampage  .   (no ring)
Will    .....                   (no ring)
Stlth   +++++.....              (no ring)
HPRegen 0.12/turn               (no ring)
MPRegen 0.09/turn               (no ring)
                                (no ring)
                                (no ring)

@: no status effects
A: almost no armour, amphibious, 8 rings, camouflage 1, gelatinous body 1,
(nimble swimmer 1), tentacles
a: no special abilities


You were on level 5 of the Dungeon.
You visited 1 branch of the dungeon, and saw 3 of its levels.

You collected 10 gold pieces.

Inventory:

Hand Weapons
 a - a +0 short sword (weapon)
Jewellery
 c - a +6 ring of strength
Wands
 f - a wand of digging (3)
Scrolls
 b - a scroll of fog
 d - a scroll of fear
 g - 2 scrolls of identify {unknown}
Potions
 e - a potion of haste


   Skills:
 + Level 4.2 Fighting
 - Level 2.0 Short Blades
 + Level 3.5 Dodging
 + Level 7.9 Stealth


You had 4 spell levels left.
You didn't know any spells.
Your spell library was empty.

Dungeon Overview and Level Annotations

Branches:
Dungeon (5/15)             Temple (0/1) D:5

Altars:
Okawaru
Wu Jian


Innate Abilities, Weirdness & Mutations

You cannot wear most types of armour.
You are amphibious.
You can wear up to eight rings at the same time.
Your skin changes colour to match your surroundings (Stealth+).
Your rubbery body absorbs attacks. (AC +1, EV +1)
((You are camouflaged when in or above water. (Stealth+)))
You have tentacles for arms and can constrict up to eight enemies at once.


Message History

The ufetubus is heavily wounded.
You constrict the ufetubus. The ufetubus hits you.
* * * LOW HITPOINT WARNING * * *
The ufetubus hits you.
* * * LOW HITPOINT WARNING * * *
The ufetubus barely misses you. x2
You hit the ufetubus.
You kill the ufetubus!
Found a scroll labelled BACUKU ECYITOA.
You start resting.
You start resting.
HP restored.
You start waiting.
Done waiting.
Found a scroll of fear and 2 golden potions.
Found a scroll labelled FAREYQ BEWN.
Found 8 gold pieces.
An iguana comes into view.
The iguana hisses angrily.
You hit the iguana but do no damage. You grab the iguana.
You squeeze the iguana.
The iguana is moderately wounded.
You constrict the iguana, but do no damage.
The iguana bites you!
You barely miss the iguana.
The iguana is moderately wounded.
You constrict the iguana. The iguana bites you.
You hit the iguana but do no damage.
The iguana is heavily wounded.
You constrict the iguana. The iguana bites you!
* * * LOW HITPOINT WARNING * * *
You are too injured to fight recklessly!
Unknown command.
You hit the iguana.
The iguana is heavily wounded.
You constrict the iguana. The iguana barely misses you.
You hit the iguana.
The iguana is severely wounded.
You constrict the iguana. The iguana bites you!
You die...

*,**,** *,,#.#####.##.#.##
*,*,,,****..#.......##....###
*,,,,,,,,+..#.#####..........
*,*,,,****..#.#...#.##....###
****,**,** *#.#.#.#.#.##.#.##
**,,,,**** #.#.#.#.#.#...##
,,,**,* #.#...#.#.#....* ,****,**
#l#####.#.#?...# ,***,,,**
#.@.....#.####.# *
,**,,,,,******#.#####.#.#***.#***
,*,,,,,,,*,,,...*,,,#.#,,,**,**,,
,,,,,_,,,,,*###.*,*,#.#,*,**,**,*
**,,,,,,,*,,<*#.*,*,#.#,,,**,**,,
**,,,,,**,,,,..*,*,..#,,,**,****
**,,,***,*,,..*,**###,*,**,* *
**,**,,,***#.*,,,,,,,,,,,,* *
*,,,,*** *,*,*****,*,****


You could see an iguana.

Vanquished Creatures
  A black bear (D:5)
  A necrophage (D:4)
  An adder (D:3)
  An ufetubus (D:5)
  2 goblins
  A hobgoblin (D:3)
7 creatures vanquished.

Notes
Turn   | Place    | Note
-------+----------+-------------------------------------------
     0 | D:5      | leafyfresh the Octopode Delver began the quest for the Orb.
     0 | D:5      | Reached XP level 1. HP: 16/16 MP: 1/1
    28 | D:5      | Noticed a black bear
    37 | D:5      | Killed a black bear
    38 | D:5      | Reached skill level 7 in Stealth
    38 | D:5      | Reached XP level 2. HP: 12/22 MP: 2/2
    38 | D:5      | Reached XP level 3. HP: 14/27 MP: 3/3
    38 | D:5      | Reached XP level 4. HP: 18/33 MP: 4/4
   279 | D:5      | Noticed a necrophage
   337 | D:4      | Noticed a necrophage
   347 | D:4      | Killed a necrophage
   348 | D:4      | Reached XP level 5. HP: 29/37 MP: 5/5
   530 | D:3      | Found an iron altar of Okawaru.
   540 | D:3      | You fall into a shaft and drop 2 floors!
   568 | D:5      | Found an ornate altar of the Wu Jian Council.
   568 | D:5      | Noticed a centaur
  1019 | D:5      | Slain by an iguana

Illustrated notes

Levels and vault maps discovered:
D:3:      layout_basic, mainiacjoe_overflow_brackets, mainiacjoe_overflow_paths,
          kennysheep_generic_room_3
D:4:      layout_basic, mainiacjoe_overflow_boulevard, grunt_ministairs_1,
          uniq_edmund
D:5:      layout_loops_corners, nicolae_wu_jian_wuxing_cycle,
          lemuel_round_altar, minmay_temple_entry_sparse_star, roderic_lattice_a

Skill      XL: |  1  2  3  4 |
---------------+-------------+-----
Dodging        | 3 |  3.5
Stealth        | 7 |  7.9
Fighting       | 4 |  4.2
Short Blades   | |  2.0

Action                   |  1- 3 |  4- 6 || total
-------------------------+-------+-------++-------
Melee: Short sword       |     3 |    22 ||    25
       Constrict         |     1 |     3 ||     4
       Tentacles         |       |     2 ||     2
  Use: Scroll            |       |     1 ||     1
 Stab: Sleeping          |     1 |     4 ||     5
Dodge: Dodged            |     1 |    14 ||    15
